 Dungeon Crawl Stone Soup version 0.24.0-13-gcf9b319 (webtiles) character file.

Game seed: 18177572550865420802, levelgen mode: deterministic

33 Fang the Skirmisher (level 3, 0/24 HPs)
             Began as a Gargoyle Berserker on Nov 20, 2019.
             Was a Follower of Trog.
             Slain by an orc wizard
             ... wielding a +0 dagger
              (3 damage)
             ... on level 2 of the Dungeon.
             The game lasted 00:01:07 (1012 turns).

Fang the Skirmisher (Gargoyle Berserker)            Turns: 1012, Time: 00:01:08

Health: 0/24       AC:  5    Str: 21    XL:     3   Next: 29%
Magic:  3/3        EV: 12    Int:  7    God:    Trog [*.....]
Gold:   33         SH:  0    Dex:  9    Spells: 2/2 levels left

rFire    + . .     SeeInvis .   a - +0 hand axe
rCold    + . .     Gourm    .   (no shield)
rNeg     + . .     Faith    .   b - +0 animal skin
rPois    ∞         Spirit   .   (no helmet)
rElec    +         Reflect  .   l - scarf {rC+ rF+}
rCorr    .         Harm     .   (no gloves)
MR       .....                  (no boots)
Stlth    +.........             (no amulet)
HPRegen  0.08/turn              (no ring)
MPRegen  0.08/turn              (no ring)

@: no status effects
A: negative energy resistance 1, electricity resistance, unbreathing,
petrification resistance, rot immunity, AC +3
a: Berserk, Renounce Religion


You were on level 2 of the Dungeon.
You worshipped Trog.
Trog was aware of your devotion.
You were not hungry.

You visited 1 branch of the dungeon, and saw 2 of its levels.

You collected 33 gold pieces.

Inventory:

Hand Weapons
 a - a +0 hand axe (weapon)
Armour
 b - a +0 animal skin (worn)
 l - a scarf of resistance (worn)
 n - a +2 helmet of see invisible
Scrolls
 e - a scroll of teleportation {unknown}
 f - a scroll of fog {unknown}
 g - a scroll of random uselessness {unknown}
 i - a scroll of magic mapping {unknown}
 j - a scroll of identify {unknown}
 k - a scroll of remove curse {unknown}
Potions
 d - a potion of might {unknown}
 h - a potion of curing {unknown}
Comestibles
 c - 2 rations
 m - 2 chunks of flesh


   Skills:
 + Level 3.6 Fighting
 + Level 3.0 Axes
 + Level 2.7 Armour
 + Level 2.0 Dodging


You had 2 spell levels left.
You didn't know any spells.
Your spell library was empty.

Dungeon Overview and Level Annotations

Branches:
Dungeon (2/15)

Altars:


Innate Abilities, Weirdness & Mutations

You are resistant to torment.
Your stone body is resilient. (AC +3)
You are immune to poison.
You resist negative energy. (rN+)
You are resistant to electric shocks. (rElec)
You can survive without breathing.
You are immune to petrification.
You are immune to rotting.


Message History

You closely miss something. Something hits you.
You hit something but do no damage.
Something hits you but does no damage. x2
You miss something. Something hits you. Something hits you but does no damage.
You barely miss something. Something barely misses you.
You hear some strange, mumbled words.
A puff of flame appears from out of thin air!
The puff of flame hits you. You resist.
You closely miss something. Something hits you but does no damage.
You miss something.
You hear some strange, mumbled words.
A puff of flame appears from out of thin air!
The puff of flame hits you. You resist.
* * * LOW HITPOINT WARNING * * *
Something hits you but does no damage.
You barely miss something. Something hits you.
* * * LOW HITPOINT WARNING * * *
Something hits you.
* * * LOW HITPOINT WARNING * * *
You miss something. Something hits you.
You die...

##.#####..#.#
.#+#...........#
.....#.........#
##.....<<......#
.......÷.......##.
######............
>.................
######..........##
#...{@)......
#.##)#.#...##
#........[.##
#.........##
.............
............##
.........##..
.........# #..


There were no monsters in sight!

Vanquished Creatures
  A dart slug (D:1)
  2 leopard geckos (D:1)
  3 orcs (D:2)
  3 giant cockroaches
  A goblin (D:1)
  5 hobgoblins
  4 jackals (D:1)
  2 bats
  A rat (D:1)
22 creatures vanquished.

Notes
Turn   | Place    | Note
-------+----------+-------------------------------------------
     0 | D:1      | Fang the Gargoyle Berserker began the quest for the Orb.
     0 | D:1      | Reached XP level 1. HP: 14/14 MP: 1/1
    93 | D:1      | Reached XP level 2. HP: 5/19 MP: 2/2
   819 | D:1      | Reached XP level 3. HP: 22/23 MP: 3/3
  1012 | D:2      | Slain by an orc wizard

Levels and vault maps discovered:
D:1:      wheals_arrival_shading, layout_basic
D:2:      cheibrodos_greedy_goblins, layout_rooms, lemuel_crystal_altar,
          lemuel_coloured_pillars_altar

Skill      XL: |  1  2  3 |
---------------+----------+-----
Axes           | 3 |  3.0
Dodging        | 2 |  2.0
Fighting       | |  3.6
Armour         | |  2.7

Action                   || total
-------------------------++-------
Melee: Hand axe          ||    82
Armor: Animal skin       ||    34
Dodge: Dodged            ||    63
